 Dungeon Crawl Stone Soup version 0.17.1-3-g152610e (webtiles) character file.

590 MrTails the Covered (level 7, -1/41 HPs)
             Began as a Gargoyle Berserker on Apr 27, 2016.
             Was a High Priest of Trog.
             Slain by an ogre
             ... wielding a +0 giant club
              (20 damage)
             ... on level 4 of the Dungeon.
             The game lasted 00:11:40 (3505 turns).

MrTails the Covered (Gargoyle Berserker)            Turns: 3505, Time: 00:11:41

Health: -1/41      AC: 12    Str: 26    XL:     7   Next: 38%
Magic:  7/7        EV: 13    Int:  7    God:    Trog [*****.]
Gold:   140        SH:  0    Dex:  9    Spells: 0 memorised, 6 levels left

rFire  . . .     SeeInvis .     a - +0 hand axe
rCold  . . .     Clarity  .     q - +0 scale mail
rNeg   + . .     SustAt   .     (no shield)
rPois  ∞         Gourm    .     (no helmet)
rElec  +         Spirit   .     (no cloak)
rCorr  .         Warding  .     (no gloves)
rMut   .         Stasis   .     (no boots)
MR     .....                    (no amulet)
Stlth  ..........               m - +3 ring of evasion
                                d - +3 ring of strength

@: not resistant to hostile enchantments, extremely unstealthy
A: negative energy resistance 1, electricity resistance, unbreathing,
petrification resistance, rot immunity, AC +4
a: Berserk, Trog's Hand, Brothers in Arms, Burn Spellbooks, Renounce Religion


You were on level 4 of the Dungeon.
You worshipped Trog.
Trog was extremely pleased with you.
You were not hungry.

You visited 1 branch of the dungeon, and saw 4 of its levels.

You collected 140 gold pieces.

Inventory:

Hand Weapons
 a - a +0 hand axe (weapon)
Armour
 b - a +0 animal skin
 q - a +0 scale mail (worn)
Jewellery
 d - a +3 ring of strength (left hand)
 m - a +3 ring of evasion (right hand)
 o - a +3 ring of protection {unknown}
 s - an uncursed ring of fire {unknown}
 x - an uncursed ring of fire {unknown}
 y - an uncursed amulet of warding {unknown}
Wands
 e - a wand of teleportation (6)
Scrolls
 f - a scroll of teleportation
 i - 2 scrolls of remove curse
 v - 3 scrolls of identify {unknown}
 z - a scroll of immolation {unknown}
Potions
 g - 2 potions of curing {unknown}
 h - a potion of flight {unknown}
 j - a potion of invisibility {unknown}
 k - a potion of degeneration {unknown}
 l - a potion of heal wounds {unknown}
 p - a potion of ambrosia {unknown}
 r - a potion of might {unknown}
 t - a potion of lignification {unknown}
 w - a potion of magic {unknown}
Comestibles
 c - 4 bread rations
 n - a royal jelly
 u - a meat ration


   Skills:
 - Level 3.5 Fighting
 + Level 5.7 Axes
 + Level 6.0 Armour
 - Level 1.6 Dodging


You had 6 spell levels left.
You didn't know any spells.

Dungeon Overview and Level Annotations

Branches:
Dungeon (4/15)
 Temple: D:4-7

Altars:
Nemelex Xobeh
Sif Muna


Innate Abilities, Weirdness & Mutations

You are resistant to torment.
Your stone body is resilient (AC +4).
You are immune to poison.
You resist negative energy.
You are resistant to electric shocks.
You can survive without breathing.
You are immune to petrification.
You are immune to rotting.


Message History

The ogre hits you with a giant club!!
Ouch! That really hurt!
You hit the ogre but do no damage.
The ogre is heavily wounded.
The ogre hits you with a giant club.
You hit the ogre.
The ogre is severely wounded.
The ogre misses you.
You closely miss the ogre.
The ogre is severely wounded.
The ogre misses you.
You hit the ogre.
The ogre is almost dead.
You hit the ogre but do no damage.
The ogre is almost dead.
The ogre misses you.
You hit the ogre.
The ogre is almost dead.
The ogre hits you with a giant club!!
You die...

##....... #........
#. #.....).. #.
#......%.
##.###...(....
#.............
#.....>O......
#.....@# #......# #
#......# #.
#......### ###.#####
#####....#
#.......#######†...#
#.......#..........#
.............†.....#
........#..........#


You could see an ogre.

Vanquished Creatures
  3 orc wizards
  2 iguanas
  5 orc priests
  2 worker ants (D:4)
  7 adders
  4 gnolls (D:3)
  A shadow imp (D:3)
  8 worms
  A giant gecko (D:2)
  11 orcs
  11 bats
  4 giant cockroaches
  9 goblins
  10 hobgoblins
  9 jackals
  11 kobolds
  2 quokkas
  2 ball pythons
  6 giant newts
  13 rats
121 creatures vanquished.

Notes
Turn   | Place    | Note
--------------------------------------------------------------
     0 | D:1      | MrTails the Gargoyle Berserker began the quest for the Orb.
     0 | D:1      | Reached XP level 1. HP: 14/14 MP: 1/1
    12 | D:1      | Found a sparkling altar of Nemelex Xobeh.
    73 | D:1      | Reached XP level 2. HP: 14/19 MP: 2/2
   390 | D:1      | Reached ** piety under Trog
   401 | D:1      | Reached XP level 3. HP: 15/23 MP: 3/3
  1274 | D:2      | Reached XP level 4. HP: 28/28 MP: 4/4
  1411 | D:2      | Reached *** piety under Trog
  2169 | D:3      | Reached skill level 4 in Axes
  2212 | D:3      | Reached XP level 5. HP: 29/32 MP: 5/5
  2439 | D:3      | Found a deep blue altar of Sif Muna.
  2600 | D:3      | Reached **** piety under Trog
  2693 | D:3      | Reached XP level 6. HP: 37/37 MP: 6/6
  2703 | D:3      | Reached skill level 5 in Armour
  3082 | D:4      | Reached skill level 5 in Axes
  3277 | D:4      | Reached XP level 7. HP: 41/41 MP: 7/7
  3290 | D:4      | Reached ***** piety under Trog
  3483 | D:4      | Reached skill level 6 in Armour
  3505 | D:4      | Slain by an ogre

Action                   |  1- 3 |  4- 6 |  7- 9 || total
-------------------------+-------+-------+-------++-------
Melee: Hand axe          |   143 |   288 |    30 ||   461
Invok: Berserk           |     3 |     2 |       ||     5
  Use: Scroll            |       |     6 |       ||     6
  Eat: Chunk             |     3 |     9 |     2 ||    14
